 Dungeon Crawl Stone Soup version 0.25-a0-942-g87a53962fc (webtiles) character file.

Game seed: 16608280888904725155, levelgen mode: deterministic

55 Flugslaktarn the Skirmisher (level 3, -1/33 HPs)
             Began as a Minotaur Fighter on May 7, 2020.
             Slain by a quokka (2 damage)
             ... on level 1 of the Dungeon.
             The game lasted 00:00:24 (1074 turns).

Flugslaktarn the Skirmisher (Minotaur Fighter)      Turns: 1074, Time: 00:00:25

Health: -1/33      AC:  9    Str: 21    XL:     3   Next: 67%
Magic:  2/2        EV:  5    Int:  5    God:
Gold:   45         SH:  9    Dex:  9    Spells: 2/2 levels left

rFire    . . .     SeeInvis .   a - +0 war axe
rCold    . . .     Gourm    .   c - +0 kite shield
rNeg     . . .     Faith    .   g - +0 chain mail (curse)
rPois    .         Spirit   .   (helmet restricted)
rElec    .         Reflect  .   (no cloak)
rCorr    .         Harm     .   (no gloves)
MR       .....                  (no boots)
Stlth    ..........             (no amulet)
HPRegen  0.11/turn              (no ring)
MPRegen  0.08/turn              (no ring)

@: no status effects
A: retaliatory headbutt, horns 2
a: no special abilities


You were on level 1 of the Dungeon.
You were not hungry.

You visited 1 branch of the dungeon, and saw 2 of its levels.

You collected 45 gold pieces.

Inventory:

Hand Weapons
 a - a +0 war axe (weapon)
Missiles
 b - 2 throwing nets (quivered)
Armour
 c - a +0 kite shield (worn)
 g - a cursed +0 chain mail (worn)
   (You found it on level 1 of the Dungeon)
Jewellery
 k - a cursed ring of teleportation {unknown}
   (You found it on level 1 of the Dungeon)
Scrolls
 h - 2 scrolls of identify {unknown}
 i - 2 scrolls of teleportation {unknown}
Potions
 d - a potion of might
 f - a potion of stabbing {unknown}
 j - a potion of flight {unknown}
Comestibles
 e - 3 rations


   Skills:
 + Level 4.1 Fighting
 * Level 3.6 Axes
 + Level 4.1 Armour
 + Level 4.1 Shields


You had 2 spell levels left.
You didn't know any spells.
Your spell library was empty.

Dungeon Overview and Level Annotations

Branches:
Dungeon (2/15)

Altars:


Innate Abilities, Weirdness & Mutations

You reflexively headbutt those who attack you in melee.
You have a pair of horns on your head.


Message History

You are too injured to fight recklessly!
You are too injured to fight recklessly!
You are too injured to fight recklessly!
You are too injured to fight recklessly!
You are too injured to fight recklessly!
You are too injured to fight recklessly!
Unknown command.
There is a stone staircase leading up here.
You block the quokka's attack.
You climb upwards.
There is a stone staircase leading down here.
Unknown command.
Unknown command.
You are too injured to fight recklessly!
You are too injured to fight recklessly!
You are too injured to fight recklessly!
Unknown command.
Your chain mail prevents you from hitting the quokka.
The quokka bites you.
You die...

########### ..........#
########### #########.#
#.........#
#########.###....r....#
................@.....#
....#####.#.###########
##..# #.#.# #..#
#.#.###### ##..#
#........#
....#####.#.####.#
............####.#
##....##...##....#
#..#.........#..#


You could see a quokka.

Vanquished Creatures
  4 gnolls (D:2)
  An ooze (D:2)
  2 bats (D:1)
  4 hobgoblins
  2 jackals (D:1)
  A kobold (D:2)
  A frilled lizard (D:1)
15 creatures vanquished.

Notes
Turn   | Place    | Note
-------+----------+-------------------------------------------
     0 | D:1      | Flugslaktarn the Minotaur Fighter began the quest for the
                  | Orb.
     0 | D:1      | Reached XP level 1. HP: 19/19 MP: 0/0
   323 | D:1      | Reached XP level 2. HP: 27/27 MP: 1/1
  1049 | D:2      | Reached XP level 3. HP: 25/33 MP: 2/2
  1069 | D:2      | HP: 1/33 [gnoll/+0 halberd (16)]
  1074 | D:1      | Slain by a quokka

Levels and vault maps discovered:
D:1:      grunt_arrival_crossed_arrows, layout_basic
D:2:      cheibrodos_helix_gallery, layout_basic,
          chequers_temple_overflow_statue_of_worship, grunt_decor_one_mirror,
          nicolae_gozag_seed_capital

Skill      XL: |  1  2 |
---------------+-------+-----
Axes           | 3 |  3.6
Fighting       | 4 |  4.1
Armour         | 4 |  4.1
Shields        | 4 |  4.1

Action                   || total
-------------------------++-------
Melee: War axe           ||    32
       Headbutt          ||    10
Armor: Chain mail        ||    27
Dodge: Dodged            ||    14
Block: Kite shield       ||    23

Table legend:
 A = Non-vault XP
 B = Vault XP
 C = Vault XP percentage of total XP
 D = Non-vault monster count
 E = Vault monster count
 F = Vault count percentage of total count
                 A         B        C        D         E       F
            +---------+---------+-------+---------+---------+-------
      Total |      79 |       0 |   0.0 |      15 |       0 |   0.0
            +---------+---------+-------+---------+---------+-------
        D:1 |      12 |       0 |   0.0 |       7 |       0 |   0.0
        D:2 |      67 |       0 |   0.0 |       8 |       0 |   0.0
            +---------+---------+-------+---------+---------+-------
